Unix NetHack Version 5.0.0-0 post-release - last build May 31 2026 23:59:36 (970b52f25bf058293b47ddfd14a1e40e571c508c,branch:main).

Game began 2026-06-05 23:36:29, ended 2026-06-06 00:03:27.

Jobair, lawful female dwarven Archeologist

                            #--------------------------------#    ------------
                            #|..............................|#    |..........|
                            #|.-----..........-.{..------|-.|#    |.....)....|
                            #|.-...|..........|....|(](|..|.|#    |..........|
                            #|.|...|.......|..|....|(((|((|.|#    |0.........|
                            #|.|-----......|..|....|...|.(|.|#    |..........|
                            #|.|....|......-..-....--|----|.|#    --.---------
                           )#.)|..[)|.--|-.............|..|.|#      #
                         ####|.|._..|.|....|...{....|-.-..|.|#      #
                         #  #|.|....-.......|...........---.|#      ######
                        ##  #|.|-----....|..|.....|.........|#           #
                    ###@#   #|.|...|...------|-.....-.|.---.|#           #
                @############|.|...-.....|....|....[......|..#           #
                ##-----     #|.|...|..+..|....|.....[.....|.|#           #
       ------   ##|....######|.-----..-.-----.-..........--.|#         --|---
       |<...|#####|...|     #|...............................##########.....|
       |.....%####.....##   #-----------.....--.-....-......-          |.>..|
       |....|  ###-----     ###########################################..^..|
       ------                                                          ------

Jobair the Field Worker    St:14 Dx:11 Co:13 In:16 Wi:15 Ch:11  Lawful
Dlvl:5  $:7  HP:36(36) Pw:10(10) AC:-1 Xp:4 T:2512  Burdened

Latest messages:
 You lash the water nymph.
 The water nymph stole an uncursed touchstone.
 The water nymph vanishes!
 What do you want to take off?
 You were wearing an uncursed +0 leather jacket.
 What do you want to wear?
 You finish your dressing maneuver.
 What do you want to wear?
 You are now wearing a dwarvish cloak.
 Godzilla misses the watchman.
 Godzilla bites the watchman.
 The watchman wields a spear!
 What do you want to wear?
 You are now wearing a wooden shield.
 Godzilla bites the watchman.
 The watchman thrusts her spear at Godzilla.
 The watchman hits Godzilla.
 What do you want to take off?
 Godzilla bites the watchman.
 The watchman thrusts her spear at Godzilla.
 The watchman misses Godzilla.
 Godzilla misses the watchman.
 You finish taking off your helm.
 Godzilla bites the watchman.
 Godzilla bites the watchman.
 The watchman is killed!
 What do you want to wear?
 You hear the splashing of a naiad.
 You finish your dressing maneuver.
 There are several objects here.
 You have a little trouble lifting U - a visored helmet.
 What do you want to drop?
 Never mind.
 What do you want to drop?
 You drop a visored helmet.
 You swap places with Godzilla.
 You hear crashing rock.
 You hear the chime of a cash register.
 You swap places with the peaceful watch captain.
 You swap places with the peaceful watch captain.
 You hear crashing rock.
 Godzilla steps reluctantly onto a crude dagger.
 You swap places with the peaceful watchman.
 You hear crashing rock.
 Really quit without saving? [yn] (n) y
 Do you want your possessions identified? [ynq] (y) y
 Do you want to see your attributes? [ynq] (y) y
 Do you want an account of creatures vanquished? [ynaq] (y) y
 Do you want to see your conduct and achievements? [ynq] (y) y
 Do you want to see the dungeon overview? [ynq] (y) y

Inventory:
 Coins    ('$')
  $ - 7 gold pieces
 Amulets  ('"')
  x - a cursed amulet of change
 Weapons  (')')
  C - 18 +0 crossbow bolts (in quiver pouch)
  D - a +0 crossbow (alternate weapon; not wielded)
  I - 8 +0 darts
  w - a cursed +0 dart
  B - 4 +0 daggers
  O - a +0 elven dagger
  L - a +0 knife
  j - a +0 orcish dagger
  a - a +2 bullwhip (weapon in right hand)
 Armor    ('[')
  Q - an uncursed +0 dwarvish iron helm (being worn)
  c - a blessed +0 fedora
  k - an uncursed +0 orcish helm
  M - an uncursed +0 orcish helm
  o - an uncursed +0 pair of leather gloves (being worn)
  y - a cursed -1 pair of fumble boots
  N - an uncursed +0 small shield (being worn)
  S - an uncursed +0 dwarvish cloak (being worn)
  T - an uncursed +1 dwarvish mithril-coat (being worn)
  h - an uncursed +0 leather jacket
 Comestibles  ('%')
  d - 5 uncursed food rations
 Scrolls  ('?')
  K - an uncursed scroll of enchant armor
 Potions  ('!')
  P - an uncursed potion of blindness
  l - an uncursed potion of booze
  E - an uncursed potion of gain level
  A - an uncursed potion of restore ability
  H - an uncursed potion of sickness
 Wands    ('/')
  r - a wand of cancellation (0:8)
 Tools    ('(')
  b - an uncursed sack containing 1 item
  i - a magic marker (0:19)
  m - a cursed oil lamp
  R - an uncursed skeleton key
  p - an uncursed partly used tallow candle
  G - an uncursed tin whistle
  f - a tinning kit (0:61)
  t - an uncursed towel
  J - an uncursed towel
 Gems/Stones  ('*')
  q - an uncursed worthless piece of orange glass
  z - an uncursed worthless piece of violet glass
  v - an uncursed worthless piece of white glass
  u - 2 uncursed worthless pieces of yellowish brown glass

Contents of the sack:
  a +0 pick-axe

Jobair the Archeologist's attributes:

Background:
 You were a Field Worker, a level 4 female dwarven Archeologist.
 You were lawful, on a mission for Quetzalcoatl
 who was opposed by Camaxtli (neutral) and Huhetotl (chaotic).
 You were right-handed.
 You were in the Gnomish Mines, on level 5.
 You entered the dungeon 2512 turns ago.
 It was the midnight hour.
 You had 93 experience points, 67 more were needed to attain level 5.

Basics:
 You had all 36 hit points.
 You had all 10 energy points (spell power).
 Your armor class was -1.
 Your wallet contained 7 zorkmids.
 Autopickup was off.

Final Characteristics:
 Your strength was 14 (limit:18/100).
 Your dexterity was 11 (limit:20).
 Your constitution was 13 (limit:20).
 Your intelligence was 16 (limit:16).
 Your wisdom was 15 (limit:16).
 Your charisma was 11 (limit:16).

Final Status:
 You weren't hungry.
 You were burdened; movement was slightly slowed.
 You were wielding a whip.
 You had basic skill with whip.

Final Attributes:
 You were piously aligned.
 Your items were somewhat protected from fire.
 Your items were somewhat protected from cold.
 You were telepathic.
 You had automatic searching.
 You had infravision.
 You were guarded.
 You survived.

Miscellaneous:
 You didn't encounter any bones levels.
 Total elapsed playing time was 26 minutes and 56 seconds.

Major events:
 Turn
    1: Jobair the lawful female dwarven Archeologist entered the dungeon
  580: entered the Gnomish Mines
 1165: attained the rank of Field Worker (level 3)
 1951: reached Mine Town
 2512: quit

You didn't know any spells.

Skills:
 Fighting Skills
   bare handed combat [Unskilled]
   two weapon combat  [Unskilled]
   riding             [Unskilled]
 Weapon Skills
   dagger             [Unskilled]
   knife              [Unskilled]
   pick-axe           [Basic]
   short sword        [Unskilled]
   saber              [Unskilled]
   club               [Unskilled]
   quarterstaff       [Unskilled]
   sling              [Unskilled]
   dart               [Unskilled]
   boomerang          [Unskilled]
   whip               [Basic]
   unicorn horn       [Unskilled]
 Spellcasting Skills
   attack spells      [Unskilled]
   healing spells     [Unskilled]
   divination spells  [Unskilled]
   matter spells      [Unskilled]

Voluntary challenges:
 Character rerolling was not enabled.
 You never genocided any monsters.
 You never polymorphed an object.
 You never changed form.
 You used no wishes.
Achievements:
 You entered a shop.
 You entered the Gnomish Mines.
 You attained the rank of Field Worker.
 You entered Minetown.
 You entered a temple.

 The Dungeons of Doom: levels 1 to 3
    Level 1:
       A fountain.
    Level 2:
       A wand shop, a fountain.
       Stairs down to The Gnomish Mines.
    Level 3:
 The Gnomish Mines: levels 3 to 5
    Level 3:
    Level 4:
    Level 5: <- You were here.
       Some shops, a temple and an altar, some fountains.


Vanquished creatures:
  2 watchmen
  a gnome ruler
  a rock piercer
  a shrieker
  3 gnome leaders
  2 gnomish wizards
  2 floating eyes
  2 kittens
  2 dwarves
  a homunculus
  2 monkeys
  2 iguanas
  2 hobbits
  3 manes
  a large kobold
  4 giant rats
  a green mold
  a red mold
 18 gnomes
  a gecko
  4 jackals
  a fox
  4 goblins
  5 sewer rats
  5 grid bugs
  a lichen
  2 kobold zombies
  5 newts
79 creatures vanquished.

No species were genocided or became extinct.

Goodbye Jobair the Archeologist...

You quit in The Gnomish Mines on dungeon level 5 with 579 points,
and 7 pieces of gold, after 2512 moves.
You were level 4 with a maximum of 36 hit points when you quit.

